AoeStats
← Infadel

Arabia

509996544Analyzed
1v1 RM · 3d ago on Sep 29, 2026· 33m 34s· 2 players
Game mode
Random Map
Map size
Tiny (2 player)
Population
200
Speed
Normal
Resources
Standard
Victory
Conquest
Starting age
Dark Age
Ending age
Imperial Age
RankedLock teamsTeams togetherTeam positionsShared explorationLock speedFull tech treeHidden civsTurbo modeCheats
Victory
Defeat
🇮🇳 Mongols · India
1073
+15
🇦🇹 Turks · Austria
1047
-15
Chill It's A Game
6:47 Loom
9:40 Feudal Age
10:50 Double-Bit Axe
15:58 Wheelbarrow
21:48 Castle Age
24:34 Scale Barding Armor
25:55 Bloodlines
27:44 Gold Mining
31:03 Chain Barding Armor
31:46 Forging
Infadel
7:31 Loom
9:19 Feudal Age
10:47 Double-Bit Axe
16:09 Horse Collar
20:35 Forging
22:54 Castle Age
21:39 Gold Mining
22:44 Scale Barding Armor
22:51 Bloodlines
24:05 Bow Saw
27:18 Wheelbarrow
28:18 Town Watch
30:15 Stone Mining
33:28 Chain Barding Armor
33:44 Iron Casting
Connection lost

Rejoining the realm…

Still unreachable

The connection could not be restored.

Session expired

The server has moved on; the page needs a fresh start.